 Dungeon Crawl Stone Soup version 0.27-a0-1154-gfdeffcb720 (webtiles) character file.

Game seed: 14854647838117230935

1296 senseless the Quickloader (level 8, -8/50 HPs)
             Began as a Kobold Hunter on May 14, 2021.
             Mangled by a troll (10 damage)
             ... on level 6 of the Dungeon.
             The game lasted 00:20:11 (5328 turns).

senseless the Quickloader (Kobold Hunter)           Turns: 5328, Time: 00:20:11

Health: -8/50      AC:  5    Str:  9    XL:     8   Next: 86%
Magic:  8/8        EV: 16    Int: 12    God:
Gold:   264        SH:  0    Dex: 18    Spells: 7/7 levels left

rFire    . . .     SeeInvis .   a - +1 hand crossbow (venom)
rCold    . . .     Faith    .   (shield restricted)
rNeg     . . .     Spirit   .   r - +2 robe {Will+}
rPois    .         Reflect  .   (no helmet)
rElec    .         Harm     .   t - scarf {+Inv}
rCorr    .         Rampage  .   p - +0 pair of gloves
Will     ++...                  (no boots)
Stlth    +++.......             m - amulet of regeneration
HPRegen  1.16/turn              o - ring of willpower
MPRegen  0.11/turn              (no ring)

@: no status effects
A: small, no large weapons, nightstalker 3
a: Evoke Invisibility


You were on level 6 of the Dungeon.
You visited 1 branch of the dungeon, and saw 6 of its levels.
You also visited: Sewer.

You collected 264 gold pieces.

Inventory:

Hand Weapons
 a - a +1 hand crossbow of venom (weapon)
 b - a +4 dagger
 x - a +2 dagger of venom
Missiles
 d - 28 bolts (quivered ammo)
 f - 3 curare-tipped darts
 j - 16 poisoned darts
Armour
 c - a +1 leather armour
 p - a +0 pair of gloves (worn)
 r - a +2 robe of willpower (worn)
 t - a scarf of invisibility (worn)
Jewellery
 h - an amulet of magic regeneration
 m - an amulet of regeneration (around neck)
 o - a ring of willpower (left hand)
 w - the amulet "Qagg" {RegenMP rF++ Str-3}
   (You found it on level 5 of the Dungeon)

   [amulet of magic regeneration]

   It increases your rate of magic regeneration.
   It affects your strength (-3).
   It greatly protects you from fire.
Wands
 q - a wand of charming (4)
Scrolls
 e - a scroll of teleportation
 g - a scroll of fear
 y - 2 scrolls of blinking
Potions
 i - a potion of might {unknown}
 k - 2 potions of magic {unknown}
 l - a potion of invisibility {unknown}
 n - a potion of curing
 s - a potion of cancellation {unknown}
 u - a potion of attraction {unknown}
 v - a potion of degeneration {unknown}


   Skills:
 + Level 5.5 Fighting
 + Level 3.1 Short Blades
 + Level 9.7 Crossbows
 + Level 2.2 Armour
 + Level 4.4 Dodging
 + Level 3.1 Stealth
 + Level 0.1 Evocations


You had 7 spell levels left.
You didn't know any spells.
Your spell library contained the following spells:

 Spells                   Type           Power      Damage    Failure   Level
 Sandblast                Erth           0%         2d4       32%         1
 Passwall                 Tmut/Erth      0%         N/A       45%         2
 Stone Arrow              Conj/Erth      0%         3d7       69%         3
 Petrify                  Tmut/Erth      0%         N/A       97%         4
 Lee's Rapid Deconstruct  Erth           0%         3d5*      100%        5


Dungeon Overview and Level Annotations

Branches:
Dungeon (6/15)              Sewer (visited)
 Temple: D:4-7

Altars:
Fedhas
Kikubaaqudgha
Vehumet


Innate Abilities, Weirdness & Mutations

You are small and have problems with some larger weapons.
You are completely attuned to the shadows.


Message History

The acid dragon bites you but does no damage.
The acid dragon claws you. The troll misses you. The troll claws you.
The troll closely misses you.
You shoot a bolt.
The bolt hits the acid dragon but does no damage.
The acid dragon is moderately wounded.
Your surroundings suddenly seem different.
There is a fountain of sparkling water here.
You start resting.
HP restored.
A troll is nearby!
You shoot a bolt. The troll shouts!
The bolt hits the troll!
The troll is poisoned.
The troll is moderately wounded.
You shoot a bolt. The bolt hits the troll.
The troll looks as sick as possible!
The troll is moderately wounded.
You shoot a bolt. The bolt hits the troll.
The troll looks as sick as possible!
The troll is heavily wounded.
You shoot a bolt. The bolt closely misses the troll.
The troll bites you! The troll claws you! x2
* * * LOW HITPOINT WARNING * * *
You are too injured to fight recklessly!
Fire: 30 bolts
Press: ? - help, Q - select action, (/) - cycle Shift-Dir - straight line, f/p - troll
Aim: a troll (heavily wounded, extremely poisoned, 71% to hit)
You shoot a bolt. The bolt hits the troll!
The troll is severely wounded.
The troll bites you!
* * * LOW HITPOINT WARNING * * *
The troll misses you. x2
Okay, then.
Fire: 29 bolts
Press: ? - help, Q - select action, (/) - cycle Shift-Dir - straight line, f/p - troll
Aim: a troll (severely wounded, extremely poisoned, 71% to hit)
You shoot a bolt. The bolt barely misses the troll.
The troll bites you.
* * * LOW HITPOINT WARNING * * *
The troll barely misses you. The troll claws you!
You die...

...... #.# ......###
#.# .........###.##
.........##...#
.........#.....#
.......(...#.#...
..........##.##.######
..........##.........#
......(...##(..T@....#
..........##..(......#
..#.........((..######
#.#.#############
#.#.# #.#'####
#........ #.........
#..........


You could see a troll (extremely poisoned).

Vanquished Creatures
  A cyclops (D:6)
  Menkaure (D:5)
  2 black bears
  An ogre (D:4)
  A howler monkey (D:4)
  2 hounds
  A jelly (D:6)
  A bullfrog skeleton (D:5)
  4 orc wizards
  4 iguanas
  A hound skeleton (D:4)
  A howler monkey zombie (D:6)
  4 adders
  An ufetubus (D:4)
  2 dart slugs
  11 orcs
  9 ball pythons
  8 bats
  7 endoplasms
  2 giant cockroaches
  4 goblins
  5 hobgoblins
  10 jackals
  4 quokkas
  A frilled lizard (Sewer)
  14 kobolds
  3 rats
105 creatures vanquished.

Vanquished Creatures (others)
  14 plants (Sewer)
14 creatures vanquished.

Grand Total: 119 creatures vanquished

Notes
Turn   | Place    | Note
-------+----------+-------------------------------------------
     0 | D:1      | senseless the Kobold Hunter began the quest for the Orb.
     0 | D:1      | Reached XP level 1. HP: 12/12 MP: 1/1
    26 | D:1      | Reached skill level 5 in Crossbows
    86 | D:1      | Reached XP level 2. HP: 17/17 MP: 2/2
   336 | D:1      | Reached XP level 3. HP: 21/21 MP: 3/3
   884 | D:2      | Reached skill level 6 in Crossbows
   925 | D:2      | Found a faded altar of an unknown god.
  1742 | D:3      | Found a glowing drain.
  1749 | Sewer    | Entered a sewer
  1862 | Sewer    | Reached XP level 4. HP: 27/27 MP: 4/4
  2875 | D:3      | Found a radiant altar of Vehumet.
  2875 | D:3      | Found an ancient bone altar of Kikubaaqudgha.
  2992 | D:3      | Reached XP level 5. HP: 29/32 MP: 5/5
  3206 | D:3      | Reached skill level 7 in Crossbows
  3403 | D:4      | Found a blossoming altar of Fedhas.
  3424 | D:4      | Reached skill level 1 in Armour
  3982 | D:4      | Reached XP level 6. HP: 36/37 MP: 6/6
  4087 | D:4      | Noticed an ogre
  4093 | D:4      | Killed an ogre
  4144 | D:4      | Reached XP level 7. HP: 43/43 MP: 7/7
  4393 | D:5      | Entered Level 5 of the Dungeon
  4521 | D:5      | Reached skill level 8 in Crossbows
  4613 | D:5      | Reached skill level 1 in Short Blades
  4642 | D:5      | Identified the amulet "Qagg" {RegenMP rF++ Str-3}
  4836 | D:5      | Noticed Menkaure
  4850 | D:5      | Killed Menkaure
  4851 | D:5      | Reached XP level 8. HP: 13/48 MP: 8/8
  5161 | D:6      | Reached skill level 5 in Fighting
  5189 | D:6      | Noticed a cyclops
  5197 | D:6      | Killed a cyclops
  5198 | D:6      | Reached skill level 9 in Crossbows
  5281 | D:6      | Noticed a troll
  5327 | D:6      | HP: 2/50 [troll (10)]
  5328 | D:6      | Mangled by a troll

Illustrated notes

Levels and vault maps discovered:
D:1:      mrwooster_arrival_statue_3, layout_basic
D:2:      layout_basic, ebering_ecumenical_altar_sacrificial
D:3:      layout_rooms, gammafunk_temple_overflow_statue,
          cheibrodos_sewer_entry_sluice
D:4:      layout_basic, lemuel_crystal_altar
D:5:      layout_rooms, uniq_menkaure
D:6:      layout_basic, kb_rosetta

Skill      XL: |  1  2  3  4  5  6  7  8 |
---------------+-------------------------+-----
Crossbows      | 5 6 7 8 9 |  9.7
Fighting       | 3 4 5 |  5.5
Armour         | 1 2 |  2.2
Stealth        | 2 3 |  3.1
Short Blades   | 1 3 |  3.1
Dodging        | 3 4 |  4.4
Evocations     | |  0.1

Action                   |  1- 3 |  4- 6 |  7- 9 || total
-------------------------+-------+-------+-------++-------
Melee: Short sword       |    21 |       |       ||    21
       Dagger            |     7 |    41 |    42 ||    90
 Fire: Hand crossbow     |    40 |    98 |    86 ||   224
Evoke: Wand              |       |     1 |       ||     1
  Use: Scroll            |     2 |     3 |     4 ||     9
       Potion            |     1 |       |       ||     1
 Stab: Sleeping          |       |     1 |       ||     1
Armor: Leather armour    |     6 |    13 |       ||    19
       Robe              |       |       |    15 ||    15
Dodge: Dodged            |    20 |    62 |    71 ||   153

Table legend: (Time is in decaauts)
 A = Elapsed time spent in this place.
 B = Non-inter-level travel time spent in this place.
 C = Inter-level travel time spent in this place.
 D = Time resting spent in this place.
 E = Time spent auto-exploring this place.
 F = Levels seen in this place.
 G = Mean time per level.
                   A        B        C        D        E       F      G
               +--------+--------+--------+--------+--------+-----+--------+
         Total |   5490 |   5290 |    200 |    266 |   4215 |   7 |  784.3 |
       Dungeon |   4526 |   4326 |    200 |    266 |   3398 |   6 |  754.3 |
         Sewer |    963 |    963 |      0 |      0 |    817 |   1 |  963.0 |
               +--------+--------+--------+--------+--------+-----+--------+

Top non-repeatable levels by time:
     D:4: 1061 daAuts
     D:1: 974 daAuts
   Sewer: 963 daAuts
     D:3: 852 daAuts
     D:2: 770 daAuts
     D:5: 578 daAuts
     D:6: 290 daAuts
